 Dungeon Crawl Stone Soup version 0.29.1-2-gbd0b4ee654 (webtiles) character file.

Game seed: 8630106847885307914

56 kingsuperguy the Stinger (level 3, -7/24 HPs)
             Began as a Demonspawn Venom Mage on Nov 14, 2022.
             Mangled by Crazy Yiuf
             ... wielding a +2 quarterstaff of chaos
              (10 damage)
             ... on level 3 of the Dungeon.
             The game lasted 00:11:27 (3435 turns).

kingsuperguy the Stinger (Demonspawn Venom Mage)    Turns: 3435, Time: 00:11:27

Health: -7/24      AC:  4    Str:  8    XL:     3   Next: 69%
Magic:  1/7        EV: 14    Int: 18    God:
Gold:   80         SH:  0    Dex: 13    Spells: 3/7 levels left

rFire   . . .      SeeInvis .   j - staff of earth
rCold   . . .      Faith    .   (no shield)
rNeg    . . .      Spirit   .   q - +2 robe of the Gate {Archmagi}
rPois   .          Reflect  .   (no helmet)
rElec   .          Harm     .   (no cloak)
rCorr   .          Rampage  .   (no gloves)
Will    .....      Archmagi +   (no boots)
Stlth   ++........              (no amulet)
HPRegen 0.08/turn               (no ring)
MPRegen 0.10/turn               (no ring)

@: no status effects
A: repulsion field 1
a: no special abilities


You were on level 3 of the Dungeon.
You visited 1 branch of the dungeon, and saw 3 of its levels.

You collected 80 gold pieces.

Inventory:

Hand Weapons
 i - a +0 mace
 r - a +0 hand axe
 t - a +2 dagger of holy wrath
Missiles
 m - 33 stones
 u - 3 boomerangs
Armour
 a - a +0 robe
 q - the +2 robe of the Gate (worn) {Archmagi}
   (You found it on level 2 of the Dungeon)

   Archmagi:  It increases the power of your magical spells.
Magical Staves
 j - a staff of earth (weapon)
Scrolls
 d - 4 scrolls of identify {unknown}
 e - a scroll of vulnerability {unknown}
 h - a scroll of immolation {unknown}
 k - a scroll of teleportation {unknown}
 l - a scroll of brand weapon {unknown}
 o - a scroll of magic mapping {unknown}
 p - a scroll of amnesia {unknown}
Potions
 b - a potion of magic
 c - 2 potions of resistance {unknown}
 f - 2 potions of haste {unknown}
 g - 3 potions of curing {unknown}
 n - a potion of heal wounds {unknown}
 s - a potion of brilliance {unknown}


   Skills:
 - Level 1.8 Dodging
 - Level 1.8 Stealth
 + Level 2.8 Spellcasting
 * Level 1.5 Summonings
 - Level 0.9 Transmutations
 + Level 3.6 Poison Magic


You had 3 spell levels left.
You knew the following spells:

 Your Spells              Type           Power      Damage    Failure   Level
a - Sting                 Tmut/Pois      64%        1d6       7%          1
b - Summon Small Mammal   Summ           48%        N/A       9%          1
c - Poisonous Vapours     Pois/Air       26%        N/A       12%         2

Your spell library contained the following spells:

 Spells                   Type           Power      Damage    Failure   Level
 Scorch                   Fire           6%         2d5       26%         2
 Call Canine Familiar     Summ           12%        N/A       26%         3
 Mephitic Cloud           Conj/Pois/Air  10%        N/A       30%         3
 Summon Guardian Golem    Hex/Summ       8%         N/A       36%         3
 Olgreb's Toxic Radiance  Pois           23%        N/A       36%         4
 Flame Wave               Conj/Fire      3%         2d5       86%         4
 Summon Cactus Giant      Summ           6%         N/A       100%        6


Dungeon Overview and Level Annotations

Branches:
Dungeon (3/15)

Altars:
Dithmenos

Shops:
D:1 [   D:2 (

Annotations:
D:2 Natasha
D:3 Crazy Yiuf, Grinder, Terence


Innate Abilities, Weirdness & Mutations

You are surrounded by a mild repulsion field. (EV +2)


Message History

Confirm with . or Enter, or press ? or * to list all spells.
Aiming: Poisonous Vapours (safe; 12% risk of failure)
Press: ? - help, Dir - move target, f/p - Crazy Yiuf
Aim: Crazy Yiuf, wielding a +2 quarterstaff of chaos and wearing a +0 cloak (lightly wounded, poisoned, ally target)
You feel a surge of power!
Poisonous vapours surround Crazy Yiuf!
Crazy Yiuf looks even sicker.
Your bat hits Crazy Yiuf but does no damage. x2
Crazy Yiuf hits your bat with a +2 quarterstaff of chaos.
Your bat dies!
Your bat's corpse disappears in a puff of smoke!
Casting: Poisonous Vapours (safe; 12% risk of failure)
Confirm with . or Enter, or press ? or * to list all spells.
You don't have enough magic to cast this spell.
Crazy Yiuf screams, "Buddy blue seventy!"
Casting: Poisonous Vapours (safe; 12% risk of failure)
Confirm with . or Enter, or press ? or * to list all spells.
You don't have enough magic to cast this spell.
Crazy Yiuf grits, "Seed King leg!"
Crazy Yiuf attacks as you move away!
Crazy Yiuf hits you with a +2 quarterstaff of chaos.
Crazy Yiuf burns you.
Crazy Yiuf cries, "Prologue!
Buddy snail seventy."
Crazy Yiuf looks more healthy.
Crazy Yiuf says, "Orb!
Sif Muna blue return to song."
Crazy Yiuf says, "Mugger sow agre!"
Crazy Yiuf hits you but does no damage. Crazy Yiuf attacks as you move away!
Crazy Yiuf closely misses you.
Crazy Yiuf laughs, "Ghoul rumpyflump aubergine!"
Crazy Yiuf attacks as you move away!
Crazy Yiuf hits you with a +2 quarterstaff of chaos.
You feel your power leaking away. Crazy Yiuf attacks as you move away!
Crazy Yiuf misses you. Crazy Yiuf attacks as you move away!
Crazy Yiuf barely misses you. Crazy Yiuf attacks as you move away!
Crazy Yiuf hits you with a +2 quarterstaff of chaos!
* * * LOW HITPOINT WARNING * * *
Crazy Yiuf grits, "Fluff blue bush!"
Crazy Yiuf attacks as you move away!
Crazy Yiuf hits you with a +2 quarterstaff of chaos!
You die...

....###..# #...
#..## ##.# #..#
....#
##.#######..# #
#...#
#.......##..# ..
##.##
#######.##..###..#
##.# #..........#
#.##
#####.##.......#
##.#
#.......g.###..#
#g## #.###.#.@.#
#'# ###.# #.#...#
... #...# #.#...#
...#
#...###.#...###
)..#
#.............#
####
###.###.#...#.#
###.###.#.......
#####
#......>#........
#...#
###..##.#...#.#.##


You could see Crazy Yiuf.

Vanquished Creatures
  An adder (D:3)
  A worm (D:3)
  3 orcs (D:3)
  5 endoplasms
  3 giant cockroaches (D:2)
  2 hobgoblins (D:1)
  4 kobolds
  2 quokkas (D:1)
  4 ball pythons
  2 bats (D:2)
  2 frilled lizards (D:1)
  2 rats (D:1)
31 creatures vanquished.

Vanquished Creatures (collateral kills)
  An orc (D:3)
  A hobgoblin (D:3)
  A quokka (D:1)
  A ball python (D:3)
  A bat (D:3)
  A frilled lizard (D:1)
6 creatures vanquished.

Grand Total: 37 creatures vanquished

Notes
Turn   | Place    | Note
-------+----------+-------------------------------------------
     0 | D:1      | kingsuperguy the Demonspawn Venom Mage began the quest for
                  | the Orb.
     0 | D:1      | Reached XP level 1. HP: 13/13 MP: 3/3
    18 | D:1      | Noticed an electric eel
   812 | D:1      | Gained mutation: You are surrounded by a mild repulsion
                  | field. (EV +2) [demonic ancestry]
   812 | D:1      | Reached XP level 2. HP: 18/19 MP: 5/5
   973 | D:1      | Learned a level 1 spell: Summon Small Mammal
   976 | D:1      | Learned a level 2 spell: Poisonous Vapours
  1299 | D:1      | Found Peostraen's Armour Boutique.
  1837 | D:2      | Identified the +2 robe of the Gate {Archmagi}
  1981 | D:2      | Found Sixienua's Weapon Shop.
  2221 | D:2      | Reached skill level 1 in Summonings
  2221 | D:2      | Reached XP level 3. HP: 24/24 MP: 1/6
  2268 | D:2      | Noticed Natasha
  2472 | D:3      | Found a shadowy altar of Dithmenos.
  2490 | D:3      | Noticed Terence
  2878 | D:3      | Noticed Grinder
  3398 | D:3      | Found a runed translucent door.
  3399 | D:3      | Noticed Crazy Yiuf
  3435 | D:3      | Mangled by Crazy Yiuf

Illustrated notes

Levels and vault maps discovered:
D:1:      arrival_aquarium_a, layout_rooms, serial_shops, shop,
          minmay_misc_feat_square
D:2:      layout_loops_ring, serial_shops, nicolae_shop_bloodbath_and_beyond,
          nicolae_ecumenical_lake_church, uniq_jessica, uniq_natasha,
          uniq_sigmund
D:3:      minmay_wonky_spiral, layout_basic, grunt_dithmenos_smoke,
          ebering_ghost_disaster_area, uniq_crazy_yiuf_cottage, uniq_terence,
          uniq_grinder, uniq_ijyb

Skill      XL: |  1  2 |
---------------+-------+-----
Summonings     | 1 |  1.5
Dodging        | |  1.8
Stealth        | |  1.8
Spellcasting   | |  2.8
Transmutations | |  0.9
Poison Magic   | |  3.6

Action                   || total
-------------------------++-------
Melee: Mace              ||    12
       Unarmed           ||     2
       Staff             ||    48
       Punch             ||     1
 Cast: Sting             ||    29
       Summon Small Mamm ||    39
       Poisonous Vapours ||    21
 Stab: Distracted        ||     1
Armor: Robe              ||    27
Dodge: Dodged            ||   100
